 Dungeon Crawl Stone Soup version 0.21.0 (webtiles) character file.

7478 Suckerboh the Basher (level 10, -1/93 HPs)
             Began as a Minotaur Gladiator on Jan 5, 2018.
             Was an Elder of Okawaru.
             Slain by a spiny frog (16 damage)
             ... on level 2 of the Lair of Beasts.
             The game lasted 00:19:16 (11663 turns).

Suckerboh the Basher (Minotaur Gladiator)          Turns: 11663, Time: 00:19:16

Health: -1/93      AC: 14    Str: 20    XL:     10   Next: 94%
Magic:  9/9        EV: 16    Int:  5    God:    Okawaru [****..]
Gold:   875        SH:  3    Dex: 14    Spells: 9/9 levels left

rFire    . . .     SeeInvis .   a - +5 flail
rCold    + . .     Gourm    .   (no shield)
rNeg     + . .     Faith    .   O - +4 ring mail {rC+}
rPois    .         Spirit   .   c - +0 hat
rElec    .         Reflect  +   q - +0 cloak (curse)
rCorr    .         Harm     .   p - +0 pair of gloves
MR       .....                  B - +0 pair of boots
Stlth    +.........             o - +3 amulet of reflection
HPRegen  0.25/turn              u - ring of positive energy
MPRegen  0.11/turn              (no ring)

@: about to teleport
A: retaliatory headbutt, horns 2
a: Heroism, Renounce Religion


You were on level 2 of the Lair of Beasts.
You worshipped Okawaru.
Okawaru was greatly pleased with you.
You were hungry.

You visited 3 branches of the dungeon, and saw 11 of its levels.
You also visited: Ossuary.

You collected 875 gold pieces.

Inventory:

Hand Weapons
 a - a +5 flail (weapon)
 k - a +0 blowgun
Missiles
 d - a throwing net (quivered)
 s - 34 poisoned needles
Armour
 c - a +0 hat (worn)
 p - a +0 pair of gloves (worn)
 q - a cursed +0 cloak (worn)
 B - a +0 pair of boots (worn)
 J - the cursed +1 plate armour of Dithmenos's Reproof {rC+ Dex+4 SInv}
   (You found it on level 6 of the Dungeon)

   It affects your dexterity (+4).
   It protects you from cold.
   It lets you see invisible.
   It has a curse placed upon it.
 O - a +4 ring mail of cold resistance (worn)
Jewellery
 o - a +3 amulet of reflection (around neck)
 u - a ring of positive energy (left hand)
Wands
 G - a wand of enslavement (2)
 I - a wand of random effects (8)
 P - a wand of flame (10)
Scrolls
 g - 13 scrolls of identify
 l - 2 scrolls of magic mapping
 m - 5 scrolls of remove curse
 n - 8 scrolls of teleportation
 r - a scroll of amnesia
 w - 2 scrolls of immolation {unknown}
 y - a scroll of torment {unknown}
 A - 4 scrolls of noise {unknown}
 H - a scroll of enchant weapon
Potions
 e - 2 potions of agility
 h - 2 potions of flight {unknown}
 j - a potion of ambrosia {unknown}
 t - 4 potions of degeneration {unknown}
 v - 2 potions of berserk rage {unknown}
 z - 3 potions of curing
 C - 3 potions of brilliance {unknown}
 D - 3 potions of might {unknown}
 E - 2 potions of invisibility {unknown}
 F - a potion of resistance {unknown}
 M - a potion of haste {unknown}
Books
 b - a book of Debilitation

   Spells                             Type                      Level
   a - Corona                         Hexes                        1
   b - Slow                           Hexes                        2
   c - Inner Flame                    Hexes/Fire                   3
   d - Portal Projectile              Hexes/Translocation          3
   e - Cause Fear                     Hexes                        4
   f - Leda's Liquefaction            Hexes/Earth                  4
 i - a book of Cantrips

   Spells                             Type                      Level
   a - Confusing Touch                Hexes                        1
   b - Animate Skeleton               Necromancy                   1
   c - Summon Small Mammal            Summoning                    1
   d - Apportation                    Translocation                1
 x - the Guide on Gliding Clay
   (You found it on level 8 of the Dungeon)

   Spells                             Type                      Level
   a - Poisonous Vapours              Poison/Air                   2
   b - Passwall                       Transmutation/Earth          2
   c - Static Discharge               Conjuration/Air              3
   d - Leda's Liquefaction            Hexes/Earth                  4
   e - Tornado                        Air                          9
Comestibles
 f - 19 rations


   Skills:
 + Level 10.1 Fighting
 + Level 13.4 Maces & Flails
 - Level 2.0 Throwing
 + Level 7.5 Armour
 + Level 8.6 Dodging


You had 9 spell levels left.
You didn't know any spells.

Dungeon Overview and Level Annotations

Branches:
Dungeon (8/15)             Temple (1/1) D:7            Lair (2/6) D:8
  Swamp (0/4) Lair:2
  Snake: Lair:2-4    Spider: Lair:2-4

Altars:
Fedhas
Gozag
Hepliaklqana
Makhleb
Nemelex Xobeh
Okawaru
Qazlal
Ru
Trog
Wu Jian
Yredelemnul
Zin


Innate Abilities, Weirdness & Mutations

You reflexively headbutt those who attack you in melee.
You have a pair of horns on your head.


Message History

The spiny frog resists with some effort.
You feel sick. The crocodile bites you!
The spiny frog stings you but does no damage.
The four-headed hydra bites you but does no damage.
The four-headed hydra barely misses you.
The four-headed hydra bites you. x2
Unknown command.
As you read the scroll of teleportation, it crumbles to dust.
You feel strangely unstable.
You feel sick. The crocodile bites you!
* * * LOW HITPOINT WARNING * * *
The spiny frog stings you!
* * * LOW HITPOINT WARNING * * *
You block the four-headed hydra's attack.
The four-headed hydra bites you.
* * * LOW HITPOINT WARNING * * *
The four-headed hydra closely misses you.
The four-headed hydra barely misses you.
A porcupine comes into view.
You feel better. The spiny frog stings you!
You die...

### #.#### ### ##### ##
# #.##.###.# #.%P##[##..
........## #..........
..##....## #..........
.>......P# #..........
..P.....## ###..@F......
........####...D.t......
..§.....#.###P..........
≈§≈.....................
§§≈≈§...................
§§≈≈≈≈......P...........
≈≈§≈§≈≈....##....P######
.≈≈≈≈≈≈...###r...##
.§.≈§≈≈≈... ......#


You could see a four-headed hydra, a spiny frog, a crocodile and a porcupine.

Vanquished Creatures
  A hydra (Lair:1)
  A black mamba (Lair:2)
  A rime drake (Lair:1)
  A polar bear (Lair:1)
  3 hippogriffs
  7 yaks
  Menkaure (D:6)
  3 insubstantial wisps (Lair:2)
  Duvessa (D:6)
  2 water moccasins
  A sky beast (D:3)
  2 ice beasts
  A phantom (D:7)
  2 ogres
  6 centaurs
  A crocodile (Lair:2)
  Blork the orc (D:6)
  6 bullfrogs
  Dowan (D:6)
  2 scorpions
  5 killer bees (D:7)
  4 wights (D:6)
  A howler monkey (D:4)
  A crimson imp (D:5)
  5 hounds
  A bullfrog zombie (D:8)
  A bullfrog skeleton (D:6)
  8 jellies
  4 orc wizards
  A quasit (D:7)
  A centaur skeleton (D:4)
  2 orc priests
  Ijyb (D:3)
  Terence (D:3)
  2 iguanas
  7 worker ants
  A hound zombie (D:5)
  2 hound skeletons
  8 mummies (Ossuary)
  Robin (D:3)
  A howler monkey skeleton (D:6)
  12 adders
  4 gnolls (D:2)
  A shadow imp (D:3)
  5 oozes (D:8)
  An adder zombie (D:6)
  An adder skeleton (D:4)
  5 worms
  3 dart slugs (D:1)
  4 leopard geckos
  19 orcs
  3 ball pythons
  14 giant cockroaches
  3 gnoll zombies (Ossuary)
  13 goblins
  10 hobgoblins
  9 jackals
  9 quokkas
  5 bats
  6 frilled lizards
  A giant cockroach zombie (D:6)
  3 hobgoblin zombies (Ossuary)
  4 kobolds
  A kobold zombie (Ossuary)
  A leopard gecko skeleton (D:6)
  An orc zombie (Ossuary)
  A quokka skeleton (D:4)
  4 rats
  A fungus (D:5)
246 creatures vanquished.

Vanquished Creatures (collateral kills)
  2 yaks (Lair:2)
2 creatures vanquished.

Vanquished Creatures (others)
  A hornet (Lair:2)
  An orc wizard (D:6)
  8 fungi
  3 plants
13 creatures vanquished.

Grand Total: 261 creatures vanquished

Notes
Turn   | Place    | Note
-------+----------+-------------------------------------------
     0 | D:1      | Suckerboh the Minotaur Gladiator began the quest for the Orb.
     0 | D:1      | Reached XP level 1. HP: 18/18 MP: 0/0
   106 | D:1      | Reached skill level 4 in Maces & Flails
   106 | D:1      | Reached XP level 2. HP: 25/25 MP: 1/1
   671 | D:2      | Reached XP level 3. HP: 29/30 MP: 2/2
  1099 | D:2      | Reached XP level 4. HP: 38/38 MP: 3/3
  1153 | D:2      | Reached skill level 1 in Armour
  1334 | D:2      | Reached skill level 5 in Maces & Flails
  1760 | D:2      | Found a glowing silver altar of Zin.
  1761 | D:2      | Noticed an angel
  1785 | D:2      | Reached XP level 5. HP: 41/45 MP: 4/4
  1847 | D:2      | Found a bloodstained altar of Trog.
  2635 | D:3      | Noticed Ijyb
  2807 | D:3      | Killed Ijyb
  2938 | D:3      | Noticed Robin
  2939 | D:3      | Noticed a sky beast
  2982 | D:3      | Reached XP level 6. HP: 20/52 MP: 5/5
  2984 | D:3      | Killed a sky beast
  2984 | D:3      | Reached skill level 6 in Maces & Flails
  2987 | D:3      | Reached skill level 5 in Dodging
  3281 | D:3      | Killed Robin
  3328 | D:3      | Noticed Terence
  3337 | D:3      | Killed Terence
  3544 | D:4      | Reached XP level 7. HP: 31/60 MP: 6/6
  4129 | D:4      | Reached skill level 7 in Maces & Flails
  4154 | D:4      | Found a stormy altar of Qazlal.
  4492 | D:5      | Entered Level 5 of the Dungeon
  4522 | D:5      | Found a sparkling altar of Nemelex Xobeh.
  4605 | D:5      | Reached skill level 5 in Fighting
  4721 | D:5      | Found a sand-covered staircase.
  4751 | Ossuary  | Entered an ossuary
  5070 | D:5      | Reached XP level 8. HP: 65/68 MP: 7/7
  5138 | D:5      | Found a blossoming altar of Fedhas.
  5226 | D:5      | Reached skill level 8 in Maces & Flails
  5965 | D:6      | Reached skill level 9 in Maces & Flails
  5967 | D:6      | Found a basalt altar of Yredelemnul.
  6209 | D:6      | Noticed Blork the orc
  6217 | D:6      | Killed Blork the orc
  6223 | D:6      | Got a bloodstained plate armour
  6270 | D:6      | Reached skill level 10 in Maces & Flails
  6287 | D:6      | Found an ornate altar of the Wu Jian Council.
  6301 | D:6      | Noticed Menkaure
  6317 | D:6      | Killed Menkaure
  6616 | D:6      | Reached XP level 9. HP: 71/75 MP: 8/8
  6862 | D:6      | Reached skill level 5 in Armour
  7201 | D:6      | Noticed Duvessa
  7203 | D:6      | Noticed Dowan
  7217 | D:6      | Killed Duvessa
  7426 | D:6      | Killed Dowan
  7612 | D:7      | Reached skill level 11 in Maces & Flails
  7733 | D:7      | Found a staircase to the Ecumenical Temple.
  7769 | Temple   | Entered the Ecumenical Temple
  7786 | Temple   | Became a worshipper of Warmaster Okawaru
  8402 | D:7      | HP: 2/79 [hippogriff (7)]
  9016 | D:7      | Identified the cursed +1 plate armour of Dithmenos's Reproof {rC+ Dex+4 SInv} (You found it on level 6 of the Dungeon)
  9139 | D:8      | Reached * piety under Okawaru
  9257 | D:8      | Reached skill level 12 in Maces & Flails
  9350 | D:8      | Identified the Guide on Gliding Clay
  9497 | D:8      | Found a staircase to the Lair.
  9565 | D:8      | Reached XP level 10. HP: 83/88 MP: 9/9
  9634 | D:8      | Found a bloodstained altar of Trog.
  9948 | Lair:1   | Entered Level 1 of the Lair of Beasts
 10074 | Lair:1   | Noticed a five-headed hydra
 10164 | Lair:2   | Noticed a six-headed hydra
 10191 | Lair:1   | Reached ** piety under Okawaru
 10480 | Lair:1   | Killed a five-headed hydra
 10486 | Lair:1   | Reached *** piety under Okawaru
 10492 | Lair:1   | Reached skill level 13 in Maces & Flails
 11031 | Lair:2   | Paralysed by a hornet for 3 turns
 11370 | Lair:2   | Found a staircase to the Swamp.
 11388 | Lair:2   | Reached **** piety under Okawaru
 11435 | Lair:2   | Reached skill level 10 in Fighting
 11500 | Lair:2   | Noticed a black mamba
 11507 | Lair:2   | Killed a black mamba
 11647 | Lair:2   | Noticed a four-headed hydra
 11654 | Lair:2   | Noticed a spiny frog
 11663 | Lair:2   | Slain by a spiny frog

Skill      XL: |  1  2  3  4  5  6  7  8  9 10 |
---------------+-------------------------------+-----
Maces & Flails | 4 5 6 7 10 12 13 | 13.4
Dodging        | 4 5 6 7 8 |  8.6
Fighting       | 3 4 5 6 8 10 | 10.1
Armour         | 1 2 3 4 5 7 |  7.5
Throwing       | |  2.0

Action                   |  1- 3 |  4- 6 |  7- 9 | 10-12 || total
-------------------------+-------+-------+-------+-------++-------
Melee: Flail             |    49 |   174 |   380 |   100 ||   703
       Headbutt          |    13 |    29 |    80 |    21 ||   143
       Unarmed           |       |    72 |       |       ||    72
Throw: Throwing net      |       |       |       |     2 ||     2
Evoke: Wand              |       |       |       |     6 ||     6
  Use: Potion            |       |     3 |     1 |     1 ||     5
       Scroll            |       |       |    12 |     1 ||    13
 Stab: Sleeping          |     1 |       |     1 |       ||     2
       Held in net/web   |       |       |       |     2 ||     2
  Eat: Chunk             |       |     9 |    15 |     6 ||    30
       Ration            |       |       |     1 |       ||     1
Armor: Leather armour    |     6 |    33 |    68 |       ||   107
       Skin              |       |     2 |       |       ||     2
       Ring mail         |       |       |    15 |    42 ||    57
Dodge: Dodged            |    32 |   191 |   283 |    69 ||   575
Block: Other             |       |       |     5 |    13 ||    18
